 Dungeon Crawl Stone Soup version 0.24.0-125-gc4c63601f3 (webtiles) character file.

Game seed: 1511731476894491090, levelgen mode: deterministic

454081 shadizar the Warrior (level 24, -19/147 HPs)
             Began as a Gargoyle Fighter on Mar 7, 2020.
             Was the Champion of the Shining One.
             Killed by the air
             ... invoked by a spriggan air mage
              (27 damage)
             ... on level 3 of the Depths.
             The game lasted 01:59:51 (42852 turns).

shadizar the Warrior (Gargoyle Fighter)            Turns: 42852, Time: 01:59:52

Health: -19/147    AC: 44    Str: 36      XL:     24   Next: 3%
Magic:  10/34      EV: 14    Int:  6 (7)  God:    the Shining One [******]
Gold:   3774       SH: 34    Dex:  9      Spells: 23/23 levels left

rFire    + + .     SeeInvis +   W - +0 eveningstar (freeze)
rCold    + . .     Gourm    .   v - +10 large shield of Ignorance {rN+ Int-4}
rNeg     + + +     Faith    .   o - +6 plate armour of Serendipity {Str+4}
rPois    ∞         Spirit   .   p - +2 helmet {SInv}
rElec    +         Reflect  .   J - scarf {rC+ rF+}
rCorr    .         Harm     .   d - +2 pair of gloves {archery}
MR       ++...                  R - +0 pair of boots "Orabb" {SInv}
Stlth    ..........             G - amulet of regeneration
HPRegen  0.74/turn              E - ring of Midsummer {*Slow rF+ Str+2 Slay+3}
MPRegen  0.24/turn              y - ring of protection from magic

@: corroded, flying, very slightly contaminated, glowing
A: big wings, frail 1, negative energy resistance 1, electricity resistance,
unbreathing, petrification resistance, rot immunity, AC +18
}: 3/15 runes: barnacled, silver, gossamer
a: Stop Flying, Divine Shield, Cleansing Flame, Summon Divine Warrior, Brand
Weapon With Holy Wrath, Renounce Religion


You were on level 3 of the Depths.
You worshipped the Shining One.
The Shining One was exalted by your worship.
You were hungry.

You visited 8 branches of the dungeon, and saw 40 of its levels.
You visited the Abyss 1 time.
You visited 1 bazaar.
You also visited: Ossuary.

You collected 5178 gold pieces.
You spent 1404 gold pieces at shops.

Inventory:

Hand Weapons
 s - the +10 spear of the Vulture {flame, -Tele rN++}
   (You found it on level 5 of the Vaults)

   It has been specially enchanted to burn those struck by it, causing extra
   injury to most foes and up to half again as much damage against particularly
   susceptible opponents.
   It greatly protects you from negative energy.
   It prevents most forms of teleportation.
 A - the +2 mace of the Assorted Deaths {distort, Str+6 Stlth-}
   (You found it on level 4 of the Lair of Beasts)

   It warps and distorts space around it.
   Unwielding it can cause banishment or high damage.
   It affects your strength (+6).
   It makes you less stealthy.
 L - a +0 demon whip of draining
 T - the +5 hunting sling "Newtbane" {speed, rC+ Int+3 Dex+3}
   (You found it on level 5 of the Vaults)

   Attacks with this weapon are significantly faster.
   It affects your intelligence (+3).
   It affects your dexterity (+3).
   It protects you from cold.
 W - a +0 eveningstar of freezing (weapon)
Armour
 d - a +2 pair of gloves of archery (worn)
 o - the +6 plate armour of Serendipity (worn) {Str+4}
   (You found it on level 6 of the Lair of Beasts)

   It affects your strength (+4).
 p - a +2 helmet of see invisible (worn)
 v - the +10 large shield of Ignorance (worn) {rN+ Int-4}
   (You found it on level 1 of the Orcish Mines)

   It affects your intelligence (-4).
   It protects you from negative energy.
 J - a scarf of resistance (worn)
 O - the +0 plate armour of the Beggar {*Drain rPois Int+4 Slay+6}
   (You bought it in a shop on level 4 of the Vaults)

   It affects your intelligence (+4).
   It affects your accuracy and damage with ranged weapons and melee attacks
   (+6).
   It protects you from poison.
   It causes draining when unequipped.
 R - the +0 pair of boots "Orabb" (worn) {SInv}
   (You found it on level 9 of the Dungeon)

   It lets you see invisible.
 Z - a +2 shield of fire resistance
Jewellery
 a - a +4 ring of strength
 l - an uncursed ring of ice
 x - an uncursed amulet of magic regeneration
 y - a ring of protection from magic (right hand)
 E - the ring of Midsummer (left hand) {*Slow rF+ Str+2 Slay+3}
   (You took it off an orc warrior on level 9 of the Dungeon)

   [ring of protection from fire]

   It affects your strength (+2).
   It affects your accuracy and damage with ranged weapons and melee attacks
   (+3).
   It protects you from fire.
   It may slow you when you take damage.
 G - an amulet of regeneration (around neck)
 P - an uncursed ring of protection from fire
 U - an uncursed ring of resist corrosion
 Y - an uncursed ring of ice
Wands
 u - a wand of digging (11)
 D - a wand of iceblast (25)
 K - a wand of flame (132)
 N - a wand of acid (42)
Scrolls
 b - 4 scrolls of enchant weapon
 g - 5 scrolls of identify
 h - 17 scrolls of remove curse
 j - a scroll of holy word
 k - 3 scrolls of fog
 m - 2 scrolls of blinking
 q - 16 scrolls of teleportation
 r - 9 scrolls of enchant armour
 F - 2 scrolls of silence
 H - 2 scrolls of magic mapping
Potions
 e - 6 potions of cancellation
 n - 10 potions of curing
 t - a potion of ambrosia
 z - 4 potions of haste
 B - 6 potions of agility
 C - 4 potions of berserk rage
 Q - 2 potions of resistance
 X - a potion of might
Miscellaneous
 c - a fan of gales
 i - a lamp of fire
 I - a lightning rod (4/4)
 M - 4 phantom mirrors
 S - a phial of floods
Comestibles
 f - 63 rations


   Skills:
 + Level 20.9 Fighting
   Level 2.1 Short Blades
 + Level 17.7 Maces & Flails
 + Level 18.0 Armour
 + Level 14.2 Dodging
 + Level 18.1 Shields
 - Level 15.5 Invocations
 - Level 8.0 Evocations


You had 23 spell levels left.
You didn't know any spells.
Your spell library contained the following spells:

 Spells                   Type           Power        Failure   Level  Hunger
 Animate Skeleton         Necr           N/A          99%         1    ##.....
 Apportation              Tloc           #.....       99%         1    ##.....
 Beastly Appendage        Tmut           #.....       99%         1    ##.....
 Corona                   Hex            #......      99%         1    ##.....
 Magic Dart               Conj           #...         99%         1    ##.....
 Pain                     Necr           #...         99%         1    ##.....
 Summon Butterflies       Summ           #.......     99%         1    ##.....
 Blink                    Tloc           N/A          100%        2    ###....
 Call Imp                 Summ           #.......     100%        2    ###....
 Corpse Rot               Necr           N/A          100%        2    ###....
 Ensorcelled Hibernation  Hex/Ice        #.....       100%        2    ###....
 Shroud of Golubria       Chrm/Tloc      #.....       100%        2    ###....
 Slow                     Hex            #.......     100%        2    ###....
 Sticks to Snakes         Tmut           #.......     100%        2    ###....
 Swiftness                Chrm/Air       #.......     100%        2    ###....
 Call Canine Familiar     Summ           #.......     100%        3    ####...
 Confuse                  Hex            #.......     100%        3    ####...
 Conjure Flame            Conj/Fire      #.......     100%        3    ####...
 Dazzling Spray           Conj/Hex       #.....       100%        3    ####...
 Gell's Gravitas          Tloc           #.........   100%        3    ####...
 Ignite Poison            Fire/Tmut/Pois #.......     100%        3    ####...
 Lesser Beckoning         Tloc           #.........   100%        3    ####...
 Mephitic Cloud           Conj/Pois/Air  #.......     100%        3    ####...
 Recall                   Summ/Tloc      N/A          100%        3    ####...
 Regeneration             Chrm/Necr      #.........   100%        3    ####...
 Spider Form              Tmut/Pois      #.........   100%        3    ####...
 Stone Arrow              Conj/Erth      #.....       100%        3    ####...
 Teleport Other           Tloc           #.......     100%        3    ####...
 Tukima's Dance           Hex            #.......     100%        3    ####...
 Vampiric Draining        Necr           #.........   100%        3    ####...
 Animate Dead             Necr           N/A          100%        4    #####..
 Ice Form                 Ice/Tmut       #.......     100%        4    #####..
 Leda's Liquefaction      Hex/Erth       #.........   100%        4    #####..
 Passage of Golubria      Tloc           N/A          100%        4    #####..
 Summon Ice Beast         Ice/Summ       #.......     100%        4    #####..
 Summon Lightning Spire   Summ/Air       #.......     100%        4    #####..
 Alistair's Intoxication  Tmut/Pois      #.......     100%        5    ######.
 Blade Hands              Tmut           #.........   100%        5    ######.
 Fireball                 Conj/Fire      #.........   100%        5    ######.
 Irradiate                Conj/Tmut      #.........   100%        5    ######.
 Silence                  Hex/Air        #.........   100%        5    ######.
 Summon Forest            Summ/Tloc      #.........   100%        5    ######.
 Summon Mana Viper        Hex/Summ       #.......     100%        5    ######.
 Bolt of Fire             Conj/Fire      #.........   100%        6    #######
 Conjure Ball Lightning   Conj/Air       #.........   100%        6    #######
 Deflect Missiles         Chrm/Air       #.........   100%        6    #######
 Hydra Form               Tmut           #.........   100%        6    #######
 Invisibility             Hex            #.......     100%        6    #######
 Dragon Form              Tmut           #.........   100%        7    #######
 Haunt                    Necr/Summ      #.........   100%        7    #######
 Ring of Flames           Chrm/Fire      #.........   100%        7    #######
 Summon Hydra             Summ           #.........   100%        7    #######
 Borgnjor's Revivificati  Necr           #.........   100%        8    #######
 Death's Door             Chrm/Necr      #.........   100%        8    #######
 Ignition                 Fire           #.........   100%        8    #######
 Infestation              Necr           #.........   100%        8    #######
 Necromutation            Tmut/Necr      #.........   100%        8    #######
 Tornado                  Air            #.........   100%        9    #######
 Statue Form              Tmut/Erth      Unusable     N/A         6    N/A

Dungeon Overview and Level Annotations

Branches:
Dungeon (15/15)            Temple (1/1) D:4            Lair (6/6) D:9
 Shoals (4/4) Lair:3       Spider (4/4) Lair:4        Slime (0/5) Lair:6
    Orc (2/2) D:12            Elf (0/3) Orc:2        Vaults (5/5) D:13
  Crypt (0/3) Vaults:3     Depths (3/5) D:15        Ossuary (visited)

Altars:
Ashenzari
Cheibriados
Dithmenos
Elyvilon
Fedhas
Gozag
Hepliaklqana
Kikubaaqudgha
Nemelex Xobeh
Okawaru
Qazlal
Ru
Sif Muna
Trog
Uskayaw
Vehumet
Wu Jian
Xom
Yredelemnul
Zin
The Shining One
Jiyva

Shops:
D:5 !   D:6 =   Orc:1 (   Orc:2 }[:?   Vaults:2 [   Vaults:4 [[}?!

Portals:
Hell: Depths:1 Depths:2
Abyss: Depths:1 Depths:3

Annotations:
D:3 Sigmund
Spider:2 Agnes
Orc:1 1 runed translucent door, exclusion: 4 orange crystal statues
Orc:2 Defined's ghost, journeyman MiBe
Depths:1 6 runed translucent doors
Depths:2 3 runed translucent doors
Abyss:1 Aizul; Arachne; Ilsuiw; Jory; Nikola; Polyphemus; Xtahua


Innate Abilities, Weirdness & Mutations

You are resistant to torment.
Your stone body is resilient. (AC +18)
You are immune to poison.
Your large and strong wings let you fly indefinitely.
You resist negative energy. (rN+)
You are resistant to electric shocks. (rElec)
You can survive without breathing.
You are immune to petrification.
You are immune to rotting.
You are frail. (-10% HP)


Message History

Unknown command.
You block the spriggan defender's attack.
The spriggan rider hits you but does no damage.
The spriggan defender hits you but does no damage.
You block the spriggan rider's attack.
The spriggan air mage barely misses you.
You block the spriggan defender's attack.
The spriggan air mage waves its arms in wide circles.
The air twists around and violently strikes you in flight!!
* * * LOW HITPOINT WARNING * * *
You block the spriggan rider's attack.
Things that are here:
a +5 long sword of draining; a +0 plate armour The spriggan air mage waves its arms in wide circles.
The air twists around and violently strikes you in flight!!
* * * LOW HITPOINT WARNING * * *
You block the spriggan defender's attack.
The spriggan air mage waves its arms in wide circles.
The air twists around and violently strikes you in flight!!
You die...

#..#...∩...#...<...## ####
#..#....#.)#......... ...
#...#...#..#..(...... ..
#.#..###..#.......≈≈≈ .
#.##.....#........≈≈≈ #####
#.###...#...........###....
#.# ##....#).....>###......
#.# ####..<()...##.....###
######.########@≈)...##...C###
#..............i≈≈...#....##
#..###########.>)i≈≈≈##.....#
#...i≈≈≈#..i#...#
###..ii..##..###...#
##...≈≈...#...# #...#
#...≈≈≈...#..## #...#
#.....≈...#ii# #.''
#..##[[..)#..# #'.


You could see a spriggan defender, 2 spriggan riders and 2 spriggan air magi.

Vanquished Creatures
  4 caustic shrikes (Depths:3)
  A golden dragon (Vaults:5)
  3 tentacled monstrosities
  A quicksilver dragon (Vaults:5)
  A lich (Depths:2)
  Asterion (Spider:4)
  5 titans (Vaults:5)
  A storm dragon (Vaults:5)
  6 sphinxes
  Kirke (Lair:3)
  8 shadow dragons
  2 tengu reavers
  3 fire giants
  12 vault wardens
  Louise (Spider:2)
  A deep elf sorcerer (Vaults:5)
  An iron dragon (Depths:2)
  2 ghost moths (Spider:4)
  5 frost giants
  An emperor scorpion (Spider:3)
  16 ironheart preservers
  A deep elf elementalist (Vaults:5)
  2 ghouls
  8 very ugly things
  2 spriggan defenders
  4 entropy weavers
  10 stone giants
  Nessos (D:13)
  The ghost of brucemayne the Executioner, a journeyman HOMo of Trog (Orc:2)
  4 deep elf demonologists
  A spark wasp (Spider:3)
  Azrael (D:12)
  3 deep elf annihilators
  A crystal guardian (Vaults:3)
  2 deep elf death magi
  8 ettins
  4 merfolk javelineers
  11 merfolk impalers
  8 fire dragons
  3 jiangshi (Depths:2)
  3 great orbs of eyes
  22 vault guards
  Fannar (D:10)
  12 yaktaur captains
  Harold (D:8)
  8 ice dragons
  7 hydras
  4 rakshasas
  5 spriggan air magi
  6 merfolk avatars
  Erica (D:8)
  8 centaur warriors
  6 death knights
  2 catoblepae (Lair:4)
  3 tengu warriors
  6 merfolk aquamancers
  26 two-headed ogres
  5 death yaks
  13 ogre magi
  A vampire mage (Depths:2)
  2 deep troll earth magi
  2 spriggan berserkers (Depths:2)
  Urug (D:13)
  A small abomination (Vaults:5)
  Sonja (Lair:3)
  4 deep troll shamans
  A soul eater (Depths:1)
  A titan skeleton (Vaults:4)
  7 deep elf knights
  5 hell knights
  6 skeletal warriors
  A salamander mystic (Depths:1)
  2 unseen horrors (D:15)
  3 flayed ghosts
  2 glowing orange brains
  3 deep elf archers
  An unseen horror (shapeshifter) (Vaults:5)
  5 wizards
  14 deep trolls
  5 sea snakes
  5 necromancers
  Pikel (D:6)
  A lindwurm (Lair:6)
  3 ironbrand convokers (Vaults:1)
  8 orc knights
  21 harpies
  A wolf spider zombie (D:13)
  3 orc sorcerers
  5 phantasmal warriors
  15 orb spiders
  4 salamanders (Depths:1)
  26 wolf spiders
  4 cyclopes
  14 manticores
  9 deep elf magi
  4 fauns (Shoals:2)
  27 ugly things
  5 elephants
  Joseph (D:8)
  4 merfolk sirens
  A guardian serpent (shapeshifter) (Vaults:5)
  5 black mambas
  Maurice (D:10)
  14 spiny frogs
  11 water nymphs
  Psyche (D:8)
  13 vault sentinels
  A gargoyle (D:12)
  A spiny frog (shapeshifter) (Vaults:1)
  8 rime drakes
  10 freezing wraiths
  9 komodo dragons
  A torpor snail (Lair:4)
  10 demonic crawlers
  42 yaktaurs
  2 human skeletons
  2 tengu conjurers (Depths:1)
  A komodo dragon (shapeshifter) (D:13)
  A hellwing (Depths:1)
  3 meliai (Spider:2)
  2 polar bears (Lair:6)
  3 wind drakes
  9 trolls
  A polar bear (shapeshifter) (Vaults:3)
  38 jumping spiders
  33 merfolk
  22 hornets
  9 blink frogs
  A fire giant simulacrum (Vaults:1)
  9 snapping turtles
  2 dream sheep (Shoals:1)
  9 hippogriffs
  19 slime creatures
  2 shadows (D:11)
  17 spriggans
  64 redbacks
  4 wraiths
  28 tarantellas
  Eustachio (D:5)
  3 wyverns
  A ynoxinul (Abyss:3)
  A fire elemental (D:12)
  4 basilisks
  4 yaks
  5 hogs (Lair:4)
  2 large abominations
  12 water elementals
  7 hungry ghosts
  A human (shapeshifter) (Depths:1)
  4 vampire mosquitoes (Lair:1)
  Menkaure (D:7)
  Edmund (D:5)
  21 soldier ants (Spider:1)
  3 hell hounds
  5 wargs
  3 acid dragons
  9 porcupines
  18 water moccasins
  4 ice beasts
  41 orc warriors
  6 sky beasts
  6 black bears
  4 phantoms
  A hornet zombie (D:7)
  31 wolves
  19 boggarts
  30 ogres
  44 centaurs
  An ettin simulacrum (Vaults:3)
  2 big kobolds
  12 crocodiles
  Blork the orc (D:5)
  22 bullfrogs
  A yaktaur zombie (Vaults:1)
  An elf simulacrum (Vaults:1)
  5 scorpions
  A scorpion (shapeshifter) (Vaults:3)
  A troll zombie (D:12)
  20 killer bees
  5 howler monkeys
  5 wights
  9 electric eels
  9 centaur zombies
  4 crimson imps
  A bullfrog zombie (D:5)
  A quasit (Abyss:3)
  19 orc priests
  11 hounds
  4 jellies
  23 orc wizards
  3 bullfrog skeletons
  4 centaur skeletons
  7 iguanas
  Ijyb (D:4)
  A hell rat (D:9)
  24 worker ants
  2 big kobold zombies (Ossuary)
  8 ogre zombies
  A hound zombie (D:10)
  7 mummies (Ossuary)
  3 worker ant zombies
  Robin (D:2)
  3 gnolls (D:2)
  A howler monkey skeleton (D:5)
  10 adders
  A river rat (D:9)
  5 shadow imps
  A white imp (Abyss:3)
  6 adder zombies
  4 worms
  A dart slug (D:2)
  6 leopard geckos
  82 orcs
  5 giant cockroaches
  2 gnoll zombies (Ossuary)
  8 hobgoblins
  6 jackals
  9 kobolds
  9 quokkas
  3 ball pythons
  5 bats
  4 frilled lizards
  17 goblins
  6 goblin zombies
  A hobgoblin skeleton (D:12)
  8 hobgoblin zombies
  2 jackal zombies
  2 kobold zombies (Ossuary)
  9 orc zombies (D:12)
  3 quokka skeletons
  5 quokka zombies (Ossuary)
  13 rats
  2 rat zombies (Ossuary)
  3 plants (Shoals:3)
  2 tentacles (Shoals:4)
1684 creatures vanquished.

Vanquished Creatures (others)
  A storm dragon (Vaults:5)
  3 ghost moths
  3 emperor scorpions (Spider:4)
  3 very ugly things
  2 vault wardens
  3 ironheart preservers
  A stone giant (Vaults:2)
  2 entropy weavers
  An ettin (Vaults:5)
  A merfolk javelineer (Shoals:2)
  3 merfolk impalers
  A fire dragon (Vaults:1)
  2 rakshasas
  6 vault guards (Vaults:5)
  2 two-headed ogres
  A centaur warrior (Vaults:1)
  2 merfolk avatars
  A death yak (Shoals:3)
  A death knight (Vaults:5)
  A deep troll shaman (Vaults:1)
  A deep troll earth mage (Vaults:1)
  2 deep elf knights (Vaults:1)
  A skeletal warrior (Vaults:1)
  A fire crab (Lair:6)
  A wizard (Vaults:3)
  2 sea snakes
  A flayed ghost (Vaults:5)
  4 deep trolls
  2 harpies (Vaults:1)
  An ironbrand convoker (Vaults:1)
  3 orc knights
  A phantasmal warrior (D:14)
  2 cyclopes
  4 orb spiders
  A deep elf mage (Vaults:4)
  5 wolf spiders
  2 manticores
  A faun (Shoals:2)
  2 slime creatures
  13 ugly things
  A merfolk siren (Shoals:1)
  2 centaur zombies
  3 elephants
  A black mamba (Lair:5)
  A vault sentinel (Vaults:3)
  4 demonic crawlers
  2 freezing wraiths (Vaults:3)
  5 yaktaurs
  A komodo dragon (D:13)
  A polar bear (Lair:6)
  6 jumping spiders
  A hornet (Vaults:5)
  8 merfolk
  A wind drake (Shoals:1)
  6 snapping turtles
  A hippogriff (D:8)
  5 redbacks
  A water elemental (Shoals:2)
  A wraith (D:14)
  3 tarantellas
  A fire elemental (D:12)
  4 soldier ants (Spider:1)
  An ogre zombie (Vaults:1)
  A water moccasin (Lair:5)
  A porcupine (Lair:5)
  A black bear (Lair:6)
  2 orc warriors
  2 ogres (Vaults:5)
  3 wolves (Lair:6)
  3 boggarts
  6 centaurs
  A howler monkey skeleton (D:6)
  2 leopard geckos (D:6)
  2 orcs
  A frilled lizard (D:2)
  A goblin skeleton (D:12)
  An orc skeleton (D:12)
  23 fungi
  19 plants
  8 tentacles (Shoals:4)
  7 toadstools (Lair:4)
  6 withered plants (Orc:2)
240 creatures vanquished.

Grand Total: 1924 creatures vanquished

Notes
Turn   | Place    | Note
-------+----------+-------------------------------------------
     0 | D:1      | shadizar the Gargoyle Fighter began the quest for the Orb.
     0 | D:1      | Reached XP level 1. HP: 14/14 MP: 1/1
     2 | D:1      | Noticed a ghoul
     4 | D:1      | Noticed a vampire
     4 | D:1      | Noticed a troll
     6 | D:1      | Noticed an ogre
     8 | D:1      | Noticed a formicid
     8 | D:1      | Noticed a demigod
    10 | D:1      | Noticed a tengu
    12 | D:1      | Noticed a draconian
    12 | D:1      | Noticed a felid
    14 | D:1      | Noticed a naga
    14 | D:1      | Noticed a dwarf
    16 | D:1      | Noticed a demonspawn
    16 | D:1      | Noticed a gargoyle
    18 | D:1      | Noticed a vine stalker
    18 | D:1      | Noticed a spriggan
    21 | D:1      | Noticed a minotaur
    21 | D:1      | Noticed an octopode
    23 | D:1      | Noticed an elf
    23 | D:1      | Noticed a centaur
    25 | D:1      | Noticed a human
    27 | D:1      | Noticed a merfolk
    27 | D:1      | Noticed a halfling
   178 | D:1      | Reached XP level 2. HP: 19/19 MP: 2/2
   562 | D:1      | Reached XP level 3. HP: 22/23 MP: 3/3
   841 | D:2      | Reached XP level 4. HP: 29/29 MP: 4/4
   857 | D:2      | Reached skill level 4 in Fighting
   872 | D:2      | Noticed Robin
   933 | D:2      | Killed Robin
   933 | D:2      | Reached skill level 1 in Maces & Flails
   933 | D:2      | Reached XP level 5. HP: 27/33 MP: 5/5
  1500 | D:3      | Noticed Sigmund
  1733 | D:4      | Noticed Ijyb
  1751 | D:4      | Killed Ijyb
  1804 | D:4      | Found an opulent altar of Gozag.
  1897 | D:4      | Noticed an ogre
  1906 | D:4      | Killed an ogre
  1906 | D:4      | Reached skill level 5 in Fighting
  1906 | D:4      | Reached XP level 6. HP: 36/40 MP: 6/6
  2062 | D:4      | Found a staircase to the Ecumenical Temple.
  2165 | Temple   | Entered the Ecumenical Temple
  2226 | Temple   | Became a worshipper of the Shining One
  2539 | D:5      | Entered Level 5 of the Dungeon
  2558 | D:5      | Reached XP level 7. HP: 36/45 MP: 7/7
  2594 | D:5      | Reached skill level 6 in Fighting
  2619 | D:5      | Noticed Blork the orc
  2628 | D:5      | Killed Blork the orc
  2668 | D:5      | Noticed Edmund
  2676 | D:5      | Killed Edmund
  2690 | D:5      | Reached skill level 7 in Fighting
  2690 | D:5      | Reached skill level 5 in Maces & Flails
  2690 | D:5      | Reached XP level 8. HP: 53/53 MP: 8/8
  2791 | D:5      | Noticed Eustachio
  2799 | D:5      | Reached * piety under the Shining One
  2824 | D:5      | Killed Eustachio
  2945 | D:5      | Reached skill level 8 in Fighting
  3021 | D:5      | Found a sand-covered staircase.
  3041 | Ossuary  | Entered an ossuary
  3110 | Ossuary  | Reached ** piety under the Shining One
  3249 | Ossuary  | Reached *** piety under the Shining One
  3482 | Ossuary  | Reached **** piety under the Shining One
  3542 | D:5      | Found Deocus's Distillery.
  3546 | D:5      | Bought a potion of heal wounds for 65 gold pieces
  3873 | D:6      | Reached XP level 9. HP: 60/60 MP: 9/9
  3927 | D:6      | Noticed Pikel
  3956 | D:6      | Killed Pikel
  3956 | D:6      | Reached skill level 9 in Fighting
  3979 | D:6      | Found Zuajus's Jewellery Shoppe.
  3995 | D:6      | Found a bloodstained altar of Trog.
  4036 | D:6      | Found a radiant altar of Vehumet.
  4277 | D:6      | Found a sacrificial altar of Ru.
  4339 | D:7      | Reached skill level 1 in Dodging
  4442 | D:7      | Noticed Menkaure
  4463 | D:7      | Killed Menkaure
  4512 | D:7      | Reached skill level 5 in Shields
  4512 | D:7      | Reached skill level 5 in Invocations
  4820 | D:7      | Reached XP level 10. HP: 67/67 MP: 13/13
  4862 | D:7      | Reached skill level 5 in Armour
  5282 | D:7      | Identified Kunizudghi's Handbook of Summoning and
                  | Augmentations
  5903 | D:8      | Reached ***** piety under the Shining One
  5937 | D:8      | Reached skill level 10 in Fighting
  5975 | D:8      | Noticed Erica
  5976 | D:8      | Noticed Joseph
  6139 | D:8      | Noticed Harold
  6148 | D:8      | Killed Harold
  6181 | D:8      | Noticed Psyche
  6362 | D:9      | Found a staircase to the Lair.
  6362 | D:9      | Noticed a death yak
  6362 | D:9      | Noticed a death yak
  6380 | D:9      | Noticed a death yak
  6420 | D:9      | Killed a death yak
  6429 | D:9      | Killed a death yak
  6429 | D:9      | Reached XP level 11. HP: 29/73 MP: 15/15
  6436 | D:9      | Killed a death yak
  6704 | D:9      | Noticed a two-headed ogre
  6704 | D:9      | Noticed a skeletal warrior
  6747 | D:9      | Killed a skeletal warrior
  6752 | D:9      | HP: 1/73 [two-headed ogre/+0 giant club (6)]
  6753 | D:9      | Killed a two-headed ogre
  6855 | D:9      | Found a radiant altar of Vehumet.
  6862 | D:9      | Noticed a cyclops
  6882 | D:9      | Killed a cyclops
  6885 | D:9      | Identified the +0 flail of Prudence {drain, -Tele Int+4
                  | Dex+2}
  6885 | D:9      | Identified the ring of Midsummer {*Slow rF+ Str+2 Slay+3}
  7105 | D:9      | Identified Imofruij's Incunabulum of Boosting Translocation
  7107 | D:9      | Got a pair of steaming boots
  7158 | D:9      | Noticed a skeletal warrior
  7170 | D:9      | Killed a skeletal warrior
  7170 | D:9      | Reached skill level 1 in Evocations
  7407 | D:9      | Found a shimmering blue altar of Sif Muna.
  7457 | D:10     | Entered Level 10 of the Dungeon
  7488 | D:10     | Noticed Maurice
  7500 | D:10     | Killed Maurice
  7532 | D:10     | Identified the +0 pair of boots "Orabb" {SInv} (You found
                  | it on level 9 of the Dungeon)
  7892 | D:10     | Noticed Fannar
  7918 | D:10     | Killed Fannar
  7918 | D:10     | Reached skill level 11 in Fighting
  8267 | Lair:1   | Entered Level 1 of the Lair of Beasts
  8368 | Lair:1   | Reached XP level 12. HP: 80/80 MP: 17/17
  8549 | Lair:1   | Reached skill level 5 in Dodging
  8754 | Lair:1   | Noticed an eight-headed hydra
  8761 | Lair:1   | Killed an eight-headed hydra
  8995 | Lair:2   | Noticed an eight-headed hydra
  8995 | Lair:2   | Reached ****** piety under the Shining One
  9005 | Lair:2   | Killed an eight-headed hydra
  9038 | Lair:2   | Reached skill level 10 in Maces & Flails
 10053 | Lair:3   | Noticed Sonja
 10071 | Lair:3   | Killed Sonja
 10071 | Lair:3   | Reached XP level 13. HP: 60/85 MP: 19/19
 10176 | Lair:3   | Found a staircase to the Shoals.
 10994 | Lair:4   | Reached skill level 12 in Fighting
 11064 | Lair:4   | Found a hole to the Spider Nest.
 11125 | Lair:4   | Noticed Kirke
 11201 | Lair:3   | HP: 4/86 [hippogriff (8)]
 11347 | Lair:4   | Got an ancient mace
 11666 | Lair:3   | Killed Kirke
 11886 | Lair:4   | Reached skill level 5 in Evocations
 11886 | Lair:4   | Gained mutation: Your large and strong wings let you fly
                  | indefinitely. [Gargoyle growth]
 11886 | Lair:4   | Reached XP level 14. HP: 92/92 MP: 21/21
 11891 | Lair:4   | Identified the cursed +2 mace of the Assorted Deaths
                  | {distort, Str+6 Stlth-} (You found it on level 4 of the
                  | Lair of Beasts)
 11937 | Lair:4   | Found a runed translucent door.
 12376 | Lair:5   | Reached skill level 10 in Invocations
 12558 | Lair:5   | Reached skill level 10 in Shields
 12672 | Lair:5   | Found a shattered altar of Ashenzari.
 12975 | Lair:6   | Entered Level 6 of the Lair of Beasts
 13039 | Lair:6   | Reached skill level 10 in Armour
 13110 | Lair:6   | Got a dazzling plate armour
 13139 | Lair:6   | Identified the +6 plate armour of Serendipity {Str+4} (You
                  | found it on level 6 of the Lair of Beasts)
 13568 | Lair:6   | Found a staircase to the Slime Pits.
 13568 | Lair:6   | Found a viscous altar of Jiyva.
 13585 | Lair:6   | Reached XP level 15. HP: 93/97 MP: 22/22
 13909 | Lair:6   | Reached skill level 13 in Fighting
 14531 | D:8      | Killed Psyche
 14656 | D:8      | Found a glowing silver altar of Zin.
 14700 | D:8      | Killed Erica
 15095 | D:8      | Killed Joseph
 16497 | D:12     | Found a staircase to the Orcish Mines.
 16620 | D:12     | Noticed Azrael
 16647 | D:12     | Killed Azrael
 17231 | Orc:1    | Entered Level 1 of the Orcish Mines
 17274 | Orc:1    | Found Kinoejeu's Weapon Emporium.
 17473 | Orc:2    | Entered Level 2 of the Orcish Mines
 17735 | Orc:2    | Found a staircase to the Elven Halls.
 18198 | Orc:2    | Found Disug's Antique Armour Shoppe.
 18198 | Orc:2    | Found Lugommon's Book Boutique.
 18200 | Orc:2    | Found Afrom's Magic Scroll Shop.
 18202 | Orc:2    | Found Tapyibbute's Gadget Emporium.
 18259 | Orc:2    | Bought a pair of glowing gloves for 247 gold pieces
 18429 | Orc:2    | Found a runed translucent gate.
 18430 | Orc:2    | Found a runed translucent gate.
 18431 | Orc:2    | Found a runed translucent gate.
 18432 | Orc:2    | Noticed brucemayne's ghost (journeyman HOMo)
 18435 | Orc:2    | Noticed Defined's ghost (journeyman MiBe)
 18459 | Orc:2    | Killed brucemayne's ghost
 18743 | Orc:1    | Found a runed translucent door.
 18751 | Orc:1    | Found the +10 large shield of Ignorance {rN+ Int-4}
 18777 | Orc:1    | Found a runed translucent door.
 19404 | D:13     | Noticed Urug
 19432 | D:13     | Killed Urug
 19580 | D:13     | Noticed Nessos
 19599 | D:13     | Killed Nessos
 19806 | D:13     | Found a gate to the Vaults.
 19965 | D:13     | Reached skill level 14 in Fighting
 19965 | D:13     | Reached XP level 16. HP: 106/106 MP: 24/24
 20494 | D:14     | You are sucked into a shaft and drop 1 floor!
 20494 | D:15     | Entered Level 15 of the Dungeon
 21255 | D:15     | Found a staircase to the Depths.
 21933 | Shoals:1 | Entered Level 1 of the Shoals
 22159 | Shoals:1 | Reached skill level 15 in Fighting
 23295 | Shoals:2 | Reached XP level 17. HP: 112/114 MP: 25/25
 23631 | Shoals:2 | Reached skill level 16 in Fighting
 24146 | Shoals:3 | Noticed Polyphemus
 24190 | Shoals:3 | Banished Polyphemus
 24277 | Shoals:3 | Noticed Ilsuiw
 24374 | Shoals:3 | Found a flickering gateway to a bazaar.
 24385 | Bazaar   | Entered a bazaar
 24445 | Bazaar   | Found Esext's Weapon Shop.
 24452 | Bazaar   | Found Zutodghiwi's Antique Armour Shop.
 24457 | Bazaar   | Found Hioreck's Food Shoppe.
 24465 | Bazaar   | Found Nuty's Distillery.
 24510 | Shoals:3 | Banished Ilsuiw
 24538 | Shoals:3 | Reached skill level 10 in Dodging
 25234 | Shoals:3 | Got a faintly glowing chain mail
 25279 | Shoals:4 | Entered Level 4 of the Shoals
 25583 | Shoals:4 | Got a barnacled rune of Zot
 25721 | Shoals:4 | Noticed Nikola
 25814 | Shoals:4 | Found the +7 sceptre of Torment {pain, torment}
 25818 | Shoals:4 | Noticed Aizul
 25913 | Shoals:4 | Banished Aizul
 25913 | Shoals:4 | Reached skill level 17 in Fighting
 26036 | Shoals:4 | Got an iridescent broad axe
 26092 | Shoals:4 | Reached XP level 18. HP: 114/123 MP: 26/26
 26494 | Shoals:4 | Banished Nikola
 26592 | Spider:1 | Entered Level 1 of the Spider Nest
 27815 | Spider:2 | Noticed Louise
 27868 | Spider:2 | Killed Louise
 28636 | Spider:2 | Noticed Agnes
 29148 | Spider:3 | Reached skill level 18 in Fighting
 29407 | Spider:3 | Identified a scroll of acquirement
 29734 | Spider:4 | Entered Level 4 of the Spider Nest
 29766 | Spider:4 | Noticed Arachne
 29785 | Spider:4 | Banished Arachne
 30189 | Spider:4 | Noticed Asterion
 30203 | Spider:4 | Reached XP level 19. HP: 130/130 MP: 28/28
 30255 | Spider:4 | Gained mutation: You are frail. (-10% HP) [a cacodemon]
 30578 | Spider:4 | Got a gossamer rune of Zot
 30959 | Spider:4 | Killed Asterion
 31046 | Spider:4 | Identified the +3 chain mail of the Dropbear {rPois rCorr
                  | Dex+2 Slay-6} (You found it on level 3 of the Shoals)
 31353 | Vaults:1 | Entered Level 1 of the Vaults
 32109 | Vaults:1 | Reached skill level 15 in Maces & Flails
 32426 | Vaults:1 | Reached skill level 15 in Shields
 32574 | Vaults:1 | Reached skill level 15 in Armour
 33102 | Vaults:2 | Found Ilagy's Armour Shop.
 33125 | Vaults:2 | Noticed Xtahua
 33178 | Vaults:2 | Banished Xtahua
 33188 | Vaults:2 | Reached XP level 20. HP: 98/123 MP: 30/30
 33563 | Vaults:2 | Noticed Jory
 33575 | Vaults:2 | Banished Jory
 34215 | Vaults:2 | Reached skill level 19 in Fighting
 34529 | Vaults:3 | Noticed a Brimstone Fiend
 35391 | Vaults:3 | Found Etsurore's Gadget Shoppe.
 35807 | Vaults:3 | Found a staircase to the Crypt.
 35906 | Vaults:4 | Found Bapsus's Distillery.
 36183 | Vaults:4 | Found Cyemn's Magic Scroll Boutique.
 36227 | Vaults:4 | Noticed a Tzitzimitl
 36277 | Vaults:4 | Reached XP level 21. HP: 76/129 MP: 31/31
 36625 | Vaults:4 | Found Deixyul's Gadget Shop.
 36772 | Vaults:4 | Found Oddaxzos's Antique Armour Boutique.
 36778 | Vaults:4 | Bought a warped plate armour for 1092 gold pieces
 36789 | Vaults:4 | Identified the cursed +0 plate armour of the Beggar {*Drain
                  | rPois Int+4 Slay+6} (You bought it in a shop on level 4 of
                  | the Vaults)
 36799 | Vaults:4 | Identified the cursed +0 broad axe of Myem {elec, *Drain
                  | rPois MR+++ Int+2} (You found it on level 4 of the Shoals)
 36863 | Vaults:4 | Found Koronn's Armour Boutique.
 37266 | Vaults:5 | Entered Level 5 of the Vaults
 37626 | Vaults:5 | Got a silver rune of Zot
 37628 | Vaults:5 | Got a translucent crystal amulet
 37647 | Vaults:5 | Cast into level 3 of the Abyss (a distortion unwield)
 37647 | Abyss:3  | Found a corrupted altar of Lugonu.
 37719 | Vaults:5 | Escaped the Abyss
 38005 | Vaults:5 | Noticed a golden dragon
 38033 | Vaults:5 | Reached skill level 15 in Invocations
 38044 | Vaults:5 | Killed a golden dragon
 38049 | Vaults:5 | Reached XP level 22. HP: 104/136 MP: 33/33
 38098 | Vaults:5 | Got an ancient spear
 38546 | Vaults:5 | Reached skill level 20 in Fighting
 39100 | Vaults:5 | Found the +6 arbalest "Damnation" {damnation}
 39156 | Vaults:5 | Got an ichor-stained hunting sling
 39187 | Vaults:5 | Got a scorched scimitar
 39377 | Vaults:5 | Identified the +10 spear of the Vulture {flame, -Tele rN++}
                  | (You found it on level 5 of the Vaults)
 39378 | Vaults:5 | Identified the +5 hunting sling "Newtbane" {speed, rC+
                  | Int+3 Dex+3} (You found it on level 5 of the Vaults)
 39379 | Vaults:5 | Identified the +3 scimitar "Gaedityp" {freeze, Str+2} (You
                  | found it on level 5 of the Vaults)
 39381 | Vaults:5 | Identified the amulet of Xytogynyru {*Corrode +Rage rElec
                  | rF+} (You found it on level 5 of the Vaults)
 39972 | Depths:1 | Entered Level 1 of the Depths
 40232 | Depths:1 | Reached XP level 23. HP: 98/141 MP: 34/34
 40368 | Depths:1 | Found a one-way gate to the infinite horrors of the Abyss.
 40414 | Depths:1 | Found a runed translucent gate.
 40414 | Depths:1 | Found a runed translucent gate.
 40414 | Depths:1 | Found a runed translucent gate.
 40414 | Depths:1 | Found a runed translucent gate.
 40414 | Depths:1 | Found a runed translucent gate.
 40414 | Depths:1 | Found a runed translucent gate.
 40415 | Depths:1 | Found the +2 Maxwell's thermic engine {flame, freeze}
 40745 | Depths:1 | Found a gateway to Hell.
 41161 | Depths:2 | Paralysed by a wizard for 2 turns
 42297 | Depths:2 | Found a runed translucent gate.
 42297 | Depths:2 | Found a runed translucent gate.
 42299 | Depths:2 | Found a runed translucent gate.
 42811 | Depths:3 | Noticed a caustic shrike
 42811 | Depths:3 | Noticed a caustic shrike
 42812 | Depths:3 | Noticed a caustic shrike
 42813 | Depths:3 | Noticed a caustic shrike
 42823 | Depths:3 | Killed a caustic shrike
 42827 | Depths:3 | Killed a caustic shrike
 42828 | Depths:3 | Killed a caustic shrike
 42833 | Depths:3 | Killed a caustic shrike
 42833 | Depths:3 | Reached XP level 24. HP: 66/147 MP: 10/34
 42851 | Depths:3 | HP: 7/147 [spriggan air mage/the air[a spriggan defender]
                  | (21)]
 42852 | Depths:3 | Killed from afar by a spriggan air mage

Levels and vault maps discovered:
D:1:      kb_arrival_jail, layout_loops_ring
D:2:      layout_rooms, uniq_robin
D:3:      layout_rooms, makhleb_grotto_becter, first_ration, amethyst_killhole,
          uniq_sigmund
D:4:      layout_basic, temple_green, grunt_gozag_breadcrumbs, uniq_ijyb
D:5:      layout_loops_ring, serial_shops, shop, nicolae_ossuary_entry_ruins,
          uniq_blork_the_orc, uniq_eustachio, uniq_edmund
D:6:      layout_cave_pools, nicolae_ru_path_of_blood, serial_shops,
          nicolae_shop_trees, basic_altar, vehumet_altar_wand_db, uniq_pikel
D:7:      layout_loops_corners, uniq_menkaure
D:8:      layout_gridville, zin_statuary, uniq_erica, uniq_psyche, uniq_joseph,
          uniq_harold
D:9:      minmay_the_grid_square_5x5_3x3 [minmay_the_grid_square_5x5_bite,
          minmay_the_grid_square_5x5_detours, minmay_the_grid_square_5x5_n,
          minmay_the_grid_square_5x5_three_walls,
          minmay_the_grid_square_5x5_megaprize_checkered,
          minmay_the_grid_square_5x5_two,
          minmay_the_grid_square_5x5_hollow_slash,
          minmay_the_grid_square_5x5_fancy_junction,
          minmay_the_grid_square_5x5_fat_x], layout_basic,
          lemuel_blue_sif_altar, kennysheep_mini, dpeg_lair_monsters
D:10:     layout_roguey, uniq_maurice, uniq_fannar
D:11:     layout_gridville, blue_anna_alchemist [blue_anna_fruit_fields,
          blue_anna_fruit_fields], minmay_hedge_maze
D:12:     layout_loops_corners, zombieorc1_lemuel, uniq_azrael
D:13:     layout_loops_ring, david_vaults_2, chequers_hall_statues_corner_a,
          nicolae_benzene_ring, uniq_urug, uniq_nessos
D:14:     layout_loops_ring
D:15:     hangedman_depths_entry_civil_slaughter, layout_irregular_city,
          nrook_uturn
Temple:   kb_temple_of_zot
Lair:1:   layout_gridlike, small_statue_intersection, pond,
          infiniplex_staircase_pool
Lair:2:   layout_hall_layers
Lair:3:   layout_cave_pods, minmay_shoals_entry_centaurs, uniq_sonja
Lair:4:   gammafunk_lair_enchanted_lake, layout_cave_shapes,
          nicolae_spider_entry_orb_guardian, uniq_kirke
Lair:5:   layout_loops_ring, basic_altar, grunt_forest_large_clearing_hut,
          grunt_megastairs_5
Lair:6:   minmay_lair_end_enchanted_forest, layout_regular_city, slime_altar_1,
          minmay_lair_drake_nest
Shoals:1: cheibrodos_shoals_epimethial_gifts, layout_shoals
Shoals:2: layout_shoals
Shoals:3: layout_shoals, serial_shops, bzr_entry_gold, uniq_ilsuiw,
          uniq_polyphemus
Shoals:4: shoals_end_hangedman, layout_shoals, shoals_ilsuiw_alternative,
          uniq_nikola, uniq_aizul
Spider:1: layout_spider_delve, minivault_29
Spider:2: layout_chambers, uniq_agnes, uniq_louise
Spider:3: layout_spider_delve, guppyfry_spider_mini_1
Spider:4: spider_rune_water, uniq_asterion, uniq_arachne
Orc:1:    layout_caves, serial_shops, shop, chequers_guarded_unrand_ignorance
Orc:2:    st_orc_rangers, layout_diamond_mine, gammafunk_ghost_cemetery
Vaults:1: hangedman_vaults_hat, v_misc_24, v_misc_1, ontoclasm_vaults_spin,
          v_misc_29, nicolae_vaults_little_squares_2, ontoclasm_vaults_ligature,
          vaults_mumra_hex, v_rooms_2, vaults_room_semicircle,
          ontoclasm_vaults_claustrophobia, nicolae_vaults_murderbox,
          layout_vaults_omnicross
Vaults:2: v_misc_5, v_misc_29, vaults_room_door_ring, vaults_dpeg_ring,
          nicolae_vaults_little_squares_4, vaults_room_hallway, v_misc_31,
          layout_vaults_omnigrid, serial_shops, nicolae_shop_trees, uniq_jory,
          uniq_xtahua
Vaults:3: v_misc_4, grunt_vaults_focal, nicolae_vaults_rhombus_6,
          v_alt_pattern_4, v_misc_1, ontoclasm_vaults_chip,
          blue_anna_dwarven_crypt, nicolae_vaults_little_squares_4,
          layout_vaults_big_room, serial_shops, nicolae_shop_trees
Vaults:4: v_misc_5, v_pattern_4, hangedman_vaults_slice,
          nicolae_vaults_hallways_thing, vaults_mumra_chevron,
          nicolae_vaults_ring_of_whatevers, hangedman_vaults_maws,
          vaults_room_glass_cross, layout_vaults_ring, serial_shops, shop,
          nicolae_shop_crystal, shop, shop, shop
Vaults:5
Depths:1: minmay_box_of_statues, layout_long_grid, kennysheep_small_spiral,
          abyss_entry, hellmouth_1, brannock_guarded_unrand_thermic_engine
Depths:2: cheibrodos_leafed_vault, layout_basic,
          ploomutoo_gammafunk_ghost_potion_laboratory, minmay_misc_feat_roman,
          hell_entry, minmay_staircase_statues
Depths:3: grunt_x_marks_the_spot, layout_cave_pools, hell_entry,
          grunt_pan_entry_sceptre, nicolae_abyss_entry_one_way_or_another,
          serial_hangedman_research, hangedman_research_quantum,
          hangedman_research_electronics, hangedman_research_thermodynamics,
          hangedman_research_toxicology, hangedman_research_pyrotechnics,
          dk_noncrumbling_3, lightli_corner_chamber

Skill      XL: |  1  2  3  4  5  6  7  8  9 10 11 12 13 14 15 16 17 18 19 20 21 22 23 |
---------------+----------------------------------------------------------------------+-----
Short Blades   | 2 |  2.1
Shields        | 4 5 6 7 8 9 10 11 12 13 14 15 16 17 18 | 18.1
Fighting       | 4 5 7 8 9 10 11 12 14 15 17 18 19 20 | 20.9
Maces & Flails | 1 2 3 5 7 8 9 10 11 12 13 14 15 16 17 | 17.7
Armour         | 4 6 7 8 9 10 11 12 13 14 15 16 17 18 | 18.0
Invocations    | 5 6 7 8 9 10 11 12 13 14 15 | 15.5
Dodging        | 2 3 4 5 6 7 8 9 10 11 12 13 14 | 14.2
Evocations     | 2 4 5 6 7 8 |  8.0

Action                   |  1- 3 |  4- 6 |  7- 9 | 10-12 | 13-15 | 16-18 | 19-21 | 22-24 || total
-------------------------+-------+-------+-------+-------+-------+-------+-------+-------++-------
Melee: Rapier            |    85 |       |       |       |       |       |       |       ||    85
       Whip              |    58 |   317 |   484 |   238 |       |       |       |       ||  1097
       Flail             |       |       |       |   521 |   110 |       |       |       ||   631
       Unarmed           |       |       |       |       |    52 |       |       |       ||    52
       Mace              |       |       |       |       |  1179 |  2055 |  2492 |       ||  5726
       Eveningstar       |       |       |       |       |       |       |   175 |  1084 ||  1259
Invok: Divine Shield     |       |       |       |     4 |     5 |     3 |     2 |     2 ||    16
       Cleansing Flame   |       |       |       |       |     1 |    12 |     9 |    19 ||    41
 Abil: Fly               |       |       |       |       |     1 |       |       |       ||     1
  Use: Potion            |       |       |     1 |     7 |     4 |       |     1 |    10 ||    23
       Scroll            |       |       |       |    19 |    15 |     6 |     9 |     8 ||    57
  Eat: Chunk             |       |     5 |     9 |    19 |    32 |    25 |    24 |    13 ||   127
       Ration            |       |       |     1 |       |     1 |     4 |     2 |     2 ||    10
Armor: Scale mail        |    85 |   149 |   199 |   103 |       |       |       |       ||   536
       Skin              |       |     1 |       |       |       |       |       |       ||     1
       Plate armour      |       |       |       |   240 |   696 |   820 |   785 |   424 ||  2965
Dodge: Dodged            |    65 |   112 |   127 |   205 |   481 |   380 |   496 |   240 ||  2106
Block: Shield            |    88 |   185 |   183 |   420 |   936 |       |       |       ||  1812
       Large shield      |       |       |       |       |   145 |  3437 |  3497 |  1555 ||  8634
